Map: Simulacrum LE

Players

YoutubeTY (TY) - Winner!

  • Race: Terran Terran
  • League: Diamond
  • Spawn Location: 5:00

TLHarstem (Harstem)

  • Race: Protoss Protoss
  • Spawn Location: 11:00

Event: Shopify TSL 5

VOD

Have the link to the VOD?

Description

Time

  • Played on: May 23, 2020, 10:59 a.m.
  • Length: 5:12

All games in this series

Show
View Real Time Build Order
Export as new Build Order

YoutubeTY Terran - Winner!

Build Orders: Liberator Opening 

Get SALT Encoding   

  12  0:01  SCV  
  13  0:13  SCV  
  14  0:18  Supply Depot  
  14  0:25  SCV  
  15  0:39  SCV  
  15  0:40  Barracks  
  16  0:44  Refinery  
  16  0:51  SCV  
  16  0:54  Refinery  
  17  1:04  SCV  
  18  1:08  Supply Depot  
  18  1:16  SCV  
  19  1:27  Reaper  
  19  1:28  Orbital Command  
  20  1:45  Factory  
  20  1:56  Barracks  
  20  1:57  SCV  
  21  2:04  Barracks Reactor  
  21  2:10  SCV  
  22  2:22  SCV  
  23  2:26  Supply Depot  
  23  2:30  Factory Tech Lab  
  23  2:31  Starport  
  23  2:34  SCV  
  24  2:41  Marine x2  
  24  2:44  Marine  
  26  2:49  Siege Tank  
  31  2:58  Marine  
  31  2:59  Marine  
  31  3:03  Marine  
  31  3:04  Supply Depot  
  33  3:09  Medivac  
  35  3:16  Marine x2  
  37  3:20  Marine  
  38  3:29  Supply Depot  
  38  3:30  Siege Tank  
  41  3:34  Marine  
  41  3:36  Marine  
  41  3:38  Marine  
  43  3:51  Supply Depot  
  43  3:52  Marine  
  43  3:53  Marine  
  45  3:59  Liberator  
  48  4:06  Marine  
  49  4:10  Marine  
  49  4:11  Marine  
  51  4:21  Siege Tank  
  54  4:24  Marine  
  55  4:32  Bunker  
  55  4:39  Marine  
  55  4:40  Marine  
  55  4:45  Supply Depot  
  57  4:53  Engineering Bay  
Show
View Real Time Build Order
Export as new Build Order

TLHarstem Protoss 

Build Orders: 1 Gate Expand, Blink Stalkers 

Get SALT Encoding   

  12  0:00  Probe  
  13  0:13  Probe  
  14  0:17  Pylon  
  14  0:25  Probe (Chrono Boost)  
  15  0:29  Assimilator  
  15  0:37  Probe (Chrono Boost)  
  16  0:45  Probe (Chrono Boost)  
  16  0:46  Gateway  
  17  0:51  Probe  
  18  1:03  Probe  
  19  1:15  Probe  
  20  1:22  Nexus  
  20  1:33  Cybernetics Core  
  20  1:35  Probe  
  20  1:39  Assimilator  
  21  1:47  Probe  
  21  1:49  Pylon  
  22  2:00  Probe  
  23  2:07  Adept (Chrono Boost)  
  23  2:11  Warp Gate  
  23  2:12  Probe  
  23  2:15  Twilight Council  
  26  2:24  Probe  
  26  2:27  Stalker (Chrono Boost)  
  26  2:35  Probe  
  29  2:38  Probe  
  30  2:47  Probe  
  30  2:49  Robotics Facility  
  30  2:50  Probe  
  32  2:55  Stalker  
  34  2:59  Probe  
  34  3:02  Probe  
  37  3:13  Gateway  
  37  3:14  Probe  
  37  3:15  Blink (Chrono Boost)  
  37  3:17  Probe  
  38  3:26  Probe  
  39  3:29  Probe  
  39  3:32  Gateway  
  40  3:38  Probe  
  40  3:41  Probe  
  42  3:43  Observer (Chrono Boost)  
  42  3:47  Pylon  
  43  3:50  Probe  
  43  3:53  Probe, Pylon  
  45  3:58  Observer  
  46  4:05  Probe, Stalker  
  46  4:07  Stalker  
  52  4:16  Nexus  
  51  4:27  Stalker  
  51  4:28  Stalker  
  51  4:31  Stalker  
  57  4:35  Pylon  
  57  4:39  Probe  
  57  4:41  Pylon  
  58  4:53  Probe  
  58  4:54  Zealot, Gateway  
  58  4:57  Gateway  
  58  4:58  Probe  
Tags
 
Add a new tag
Caveats
  • Supply blocks, unpowered buildings, or Contaminate may cause inaccurate times.
  • Supply counts are checked every 10 seconds.